 Dungeon Crawl Stone Soup version 0.28.0-62-gf88900778d (webtiles) character file.

Game seed: 17858677881130375063

506 cbfl8 the Skirmisher (level 6, -8/84 HPs)
             Began as a Minotaur Berserker on Mar 9, 2023.
             Was a Believer of Trog.
             Mangled by Duvessa
             ... wielding a +4 rapier of electrocution
              (14 damage)
             ... on level 4 of the Dungeon.
             The game lasted 00:02:37 (3747 turns).

cbfl8 the Skirmisher (Minotaur Berserker)           Turns: 3747, Time: 00:02:38

Health: -8/84      AC:  9    Str: 22    XL:     6   Next: 97%
Magic:  5/5        EV:  9    Int:  4    God:    Trog [**....]
Gold:   199        SH:  0    Dex: 11    Spells: 5/5 levels left

rFire   . . .      SeeInvis .   a - +0 hand axe
rCold   . . .      Faith    .   (no shield)
rNeg    . . .      Spirit   .   i - +0 chain mail
rPois   .          Reflect  .   (helmet restricted)
rElec   .          Harm     .   (no cloak)
rCorr   .          Rampage  .   (no gloves)
Will    .....                   (no boots)
Stlth   ..........              (no amulet)
HPRegen 0.24/turn               (no ring)
MPRegen 0.09/turn               (no ring)

@: berserking (expiring), very quick
A: horns 2, retaliatory headbutt
a: Renounce Religion, Berserk, Trog's Hand


You were on level 4 of the Dungeon.
You worshipped Trog.
Trog was pleased with you.
You visited 1 branch of the dungeon, and saw 4 of its levels.

You collected 199 gold pieces.

Inventory:

Hand Weapons
 a - a +0 hand axe (weapon)
Armour
 i - a +0 chain mail (worn)
Scrolls
 b - a scroll of identify
 c - a scroll of fog {unknown}
 d - a scroll of enchant weapon
 e - 2 scrolls of teleportation
Potions
 f - a potion of flight {unknown}
 h - 2 potions of attraction {unknown}
 k - a potion of mutation {unknown}
 l - 2 potions of haste {unknown}
 m - a potion of ambrosia {unknown}


   Skills:
 * Level 5.3 Fighting
 + Level 5.3 Axes
 * Level 5.1 Armour
 * Level 3.4 Dodging
 * Level 1.8 Stealth
 * Level 1.8 Evocations


You had 5 spell levels left.
You didn't know any spells.
Your spell library was empty.

Dungeon Overview and Level Annotations

Branches:
Dungeon (4/15)
 Temple: D:4-7

Altars:

Annotations:
D:3 2 runed translucent doors, sigtrap's ghost, amateur GnAK
D:4 Duvessa


Innate Abilities, Weirdness & Mutations

You have a pair of horns on your head.
You reflexively headbutt those who attack you in melee.


Message History

Unknown command.
You are too injured to fight recklessly!
You hit Duvessa.
Duvessa is moderately wounded.
You barely miss Dowan. Dowan hits you with a +0 dagger.
You closely miss Duvessa.
Duvessa is moderately wounded.
You hit Dowan.
Duvessa hits you with a +4 rapier of electrocution.
Dowan hits you with a +0 dagger.
You closely miss Dowan.
Dowan is moderately wounded.
You hit Duvessa.
Duvessa hits you with a +4 rapier of electrocution!
* * * LOW HITPOINT WARNING * * *
You are electrocuted!
* * * LOW HITPOINT WARNING * * *
You barely miss Dowan.
Dowan is moderately wounded.
You hit Duvessa. Dowan hits you but does no damage.
You hit Duvessa.
Duvessa is heavily wounded.
You slash Dowan!
Duvessa hits you with a +4 rapier of electrocution.
* * * LOW HITPOINT WARNING * * *
Dowan hits you with a +0 dagger.
* * * LOW HITPOINT WARNING * * *
You slash Dowan!
You kill Dowan!
Trog accepts your kill.
Trog appreciates your killing of a magic user.
Duvessa screams in rage.
Duvessa goes berserk!
You completely miss Duvessa.
Duvessa hits you with a +4 rapier of electrocution.
* * * LOW HITPOINT WARNING * * *
Your Armour skill increases to level 5!
You barely miss Duvessa. Your headbutt misses Duvessa.
Duvessa is heavily wounded.
Duvessa hits you with a +4 rapier of electrocution!
You die...

#.......# #.
##.......#
#.#####........#
#....)#.?......#
..... #'#+# ..
....# #e..# ##..
#..# #.###
....#.)#####.#
###..#.e@...#.#
.....#...)..#.#
#......#...#.#
#.......#..#.#
#.#..........#
#.#.....#....#
#.#.##.?###..#
#.
#............#
#.##+#
#....#.......#
####.....


You could see Duvessa (berserk).

Vanquished Creatures
  A wyvern (D:4)
  2 scorpions (D:3)
  Dowan (D:4)
  An iguana (D:4)
  A hound zombie (D:3)
  A gnoll (D:3)
  5 adders
  2 adder skeletons (D:4)
  A worm (D:3)
  3 dart slugs
  6 orcs
  11 ball pythons
  4 bats
  3 endoplasms
  2 giant cockroaches
  4 goblins
  5 hobgoblins
  7 jackals
  6 kobolds
  5 quokkas
  5 frilled lizards
  4 rats
80 creatures vanquished.

Notes
Turn   | Place    | Note
-------+----------+-------------------------------------------
     0 | D:1      | cbfl8 the Minotaur Berserker began the quest for the Orb.
     0 | D:1      | Reached XP level 1. HP: 19/19 MP: 0/0
   125 | D:1      | Reached XP level 2. HP: 19/27 MP: 1/1
   235 | D:1      | Found a faded altar of an unknown god.
   894 | D:2      | Reached XP level 3. HP: 10/33 MP: 2/2
  1849 | D:3      | Reached ** piety under Trog
  1904 | D:3      | Noticed a scorpion
  1908 | D:3      | Reached XP level 4. HP: 31/41 MP: 3/3
  1919 | D:3      | Killed a scorpion
  1920 | D:3      | Reached skill level 1 in Stealth
  1920 | D:3      | Reached skill level 1 in Evocations
  1920 | D:3      | Reached XP level 5. HP: 32/47 MP: 4/4
  2272 | D:3      | Found a runed translucent door.
  2663 | D:3      | Found a runed translucent door.
  2664 | D:3      | Noticed sigtrap's ghost (amateur GnAK)
  3056 | D:4      | Noticed a wyvern
  3064 | D:4      | Killed a wyvern
  3065 | D:4      | Reached skill level 5 in Fighting
  3065 | D:4      | Reached skill level 5 in Axes
  3065 | D:4      | Reached XP level 6. HP: 22/56 MP: 5/5
  3718 | D:4      | Noticed Dowan
  3719 | D:4      | Noticed Duvessa
  3746 | D:4      | Killed Dowan
  3747 | D:4      | Reached skill level 5 in Armour
  3747 | D:4      | Mangled by Duvessa

Illustrated notes

Levels and vault maps discovered:
D:1:      heliophobic_arrival_ceremonial_halls, layout_loops_ring,
          chequers_ecumenical_altar_simple_redux, minmay_misc_feat_ornament
D:2:      layout_basic
D:3:      layout_loops_ring, ebering_ghost_sewer_f, minmay_misc_feat_room,
          kennysheep_nub, kennysheep_generic_room_16
D:4:      layout_basic, uniq_duvessa

Skill      XL: |  1  2  3  4  5  6 |
---------------+-------------------+-----
Axes           | 4 5 |  5.3
Fighting       | 4 5 |  5.3
Armour         | 3 4 5 |  5.1
Stealth        | 1 |  1.8
Evocations     | 1 |  1.8
Dodging        | 3 |  3.4

Action                   |  1- 3 |  4- 6 || total
-------------------------+-------+-------++-------
Melee: Hand axe          |    84 |   106 ||   190
       Headbutt          |    11 |    15 ||    26
       Punch             |       |     1 ||     1
Invok: Berserk           |       |     3 ||     3
  Use: Scroll            |       |     6 ||     6
Armor: Animal skin       |     6 |       ||     6
       Chain mail        |    32 |    37 ||    69
Dodge: Dodged            |    47 |    42 ||    89
